 Dungeon Crawl Stone Soup version 0.13.2 (webtiles) character file.

17172 RepoMan the Basher (level 12, -3/126 HPs)
             Began as an Octopode Berserker on Apr 6, 2014.
             Was a High Priest of Trog.
             Slain by a hippogriff (7 damage)
             ... on Level 13 of the Dungeon.
             The game lasted 02:19:55 (16437 turns).

RepoMan the Basher (Octopode Berserker)            Turns: 16437, Time: 02:19:57

HP  -3/126       AC  2     Str 24      XL: 12   Next: 37%
MP  11/11        EV 18     Int  9      God: Trog [*****.]
Gold 757         SH  0     Dex 14      Spells:  0 memorised, 11 levels left

Res.Fire  : . . .   See Invis. : .   f - +0,-1 great mace
Res.Cold  : . . .   Warding    : .   (no shield)
Life Prot.: . . .   Conserve   : +   h - -1 wizard hat
Res.Poison: .       Res.Corr.  : .   i - cursed amulet of conservation
Res.Elec. : .       Clarity    : .   B - ring of protection from magic
Sust.Abil.: . .     Spirit.Shd : .   E - ring of teleport control
Res.Mut.  : .       Stasis     : .   a - +2 ring of protection
Res.Rott. : .       Flight     : .   (no ring)
Saprovore : . . .                    (no ring)
                                     (no ring)
                                     (no ring)
                                     (no ring)

@: regenerating, berserking, drained, very quick, extremely resistant to hostile
enchantments, extremely unstealthy
A: almost no armour, amphibious, 8 rings, constrict 8, camouflage 1, AC +1
a: Burn Spellbooks, Berserk, Trog's Hand, Brothers in Arms, Renounce Religion,
Evoke Teleport Control


You were on level 13 of the Dungeon.
You worshipped Trog.
Trog was extremely pleased with you.
You were not hungry.

You visited 2 branches of the dungeon, and saw 14 of its levels.

You collected 737 gold pieces.

Inventory:

Hand weapons
 d - a +0,+1 sling of flame
 f - a +0,-1 great mace (weapon)
 j - a +3,+2 longbow of flame
 s - a +1,+5 crossbow of flame
 F - a +2,+0 orcish flail of holy wrath
 J - a +1,+7 anti-magic great sword
 N - a +1,+0 dagger of chaos (quivered)
 O - a +2,+1 dwarven executioner's axe of draining
Missiles
 g - 26 sling bullets
Armour
 h - a -1 wizard hat (worn)
Magical devices
 e - a wand of digging (24)
 p - a wand of confusion (5) {unknown}
 y - a wand of flame (7)
 I - a wand of lightning (3)
 M - a wand of paralysis (9)
 P - a wand of cold (6)
 R - a wand of disintegration (11) {unknown}
Comestibles
 c - 3 bread rations
 z - 6 royal jellies
 D - 2 meat rations
 S - a choko
Scrolls
 b - 2 scrolls of fog
 l - a scroll of identify
 o - 3 scrolls of curse armour {unknown}
 r - 2 scrolls of magic mapping
 x - 2 scrolls of enchant weapon I
 C - 3 scrolls of remove curse
 G - 2 scrolls of teleportation
 H - a scroll of enchant weapon III {unknown}
 Q - a scroll of recharging
Jewellery
 a - a +2 ring of protection (on tentacle)
 i - a cursed amulet of conservation (around mantle)
 v - the amulet of Qomek {rCorr Int+2}
   (You found it on level 7 of the Dungeon)

   [amulet of resist corrosion]

   It affects your intelligence (+2).
 w - an uncursed amulet of resist mutation
 B - a ring of protection from magic (left tentacle)
 E - a ring of teleport control (right tentacle)
Potions
 k - 4 potions of curing
 m - 2 potions of agility
 n - 2 potions of cure mutation
 q - 2 potions of restore abilities
 t - a potion of resistance
 u - a potion of heal wounds
 A - a potion of might {unknown}
 K - a potion of poison {unknown}
 L - 2 potions of brilliance {unknown}
Rods
 T - a +1 rod of frigid destruction (11/11)
   (You found it on level 13 of the Dungeon)


   Skills:
 + Level 10.5(10.0) Fighting
 * Level 13.9(13.4) Maces & Flails
 + Level 10.3(9.8) Dodging


You had 11 spell levels left.
You didn't know any spells.

Dungeon Overview and Level Annotations

Branches:
Dungeon (13/27)            Temple (1/1) D:4             Orc (0/4) D:6
   Lair (0/8) D:9

Altars:
Ashenzari
Cheibriados
Elyvilon
Fedhas
Makhleb
Nemelex Xobeh
Okawaru
Sif Muna
Trog
Vehumet
Xom
Yredelemnul
Zin
the Shining One
Beogh

Portals:
Trove: D:12 (give wand of hasting (9))


Innate Abilities, Weirdness & Mutations

You cannot wear most types of armour.
You are amphibious.
You can wear up to eight rings at the same time.
You can use your tentacles to constrict many enemies at once.
Your skin changes colour to match your surroundings (Stlth).
Your rubbery body absorbs attacks (AC +1).


Message History

The acid burns!
* * * LOW HITPOINT WARNING * * *
The hippogriff bites you.
* * * LOW HITPOINT WARNING * * *
The hippogriff pecks you.
* * * LOW HITPOINT WARNING * * *
The hippogriff closely misses you.
A brown ugly thing comes into view.
You are too berserk!
You bludgeon the brown ugly thing!!
The brown ugly thing is severely wounded.
You constrict the brown ugly thing.
The brown ugly thing basks in the mutagenic energy from its kin and changes!
You bludgeon the brown ugly thing!!
You kill the brown ugly thing!
Trog accepts your kill. The hippogriff bites you.
* * * LOW HITPOINT WARNING * * *
The hippogriff pecks you!
You die... #.# #..# # . #.# #..#### . #.# #...... #. #.# #...... #. #.# #...... #uu

#.######......
#..#####............)
#.u>.................
#..H@....######......
#...###..# #......
#... #..# #......
#... #..# #......
#... #..# #......
#... #..# #......
#... #..# #......
#... #..# #...... .
#..# #......


You could see 3 ugly things and a hippogriff.

Vanquished Creatures
  The ghost of RepoMan the Cloud Mage, a powerful DrAE of Okawaru (D:13)
  2 hill giants
  Psyche (D:10)
  2 trolls
  A two-headed ogre (D:10)
  8 slime creatures
  A griffon skeleton (D:12)
  2 ugly things (D:13)
  2 wyverns
  4 yaks (D:11)
  2 hippogriffs
  A hill giant zombie (D:12)
  2 vampire mosquitoes (D:9)
  A hungry ghost (D:7)
  A mottled dragon (D:13)
  A hill giant skeleton (D:9)
  Menkaure (D:7)
  3 manticores
  A soldier ant (shapeshifter) (D:13)
  A black bear (D:12)
  7 orc warriors
  6 ogres
  5 sky beasts
  7 ice beasts
  A phantom (D:9)
  2 centaurs
  7 giant goldfish (D:7)
  7 giant frogs
  A gnoll sergeant (D:12)
  The ghost of Bikaver the Ruinous, an average DECj (D:3)
  2 big kobolds (D:12)
  A crocodile (D:13)
  A water moccasin (D:12)
  A wyvern zombie (D:11)
  A troll zombie (D:13)
  10 killer bees
  11 wights
  4 jellyfish (D:7)
  An electric eel (D:7)
  A giant frog zombie (D:8)
  8 crimson imps
  2 goliath beetles
  A quasit (D:8)
  3 big fish (D:7)
  3 hounds
  3 jellies (D:12)
  10 orc priests
  2 giant frog skeletons
  5 iguanas
  19 orc wizards
  6 scorpions
  10 worker ants
  A mummy (D:9)
  A worker ant zombie (D:5)
  12 adders
  9 gnolls
  3 giant mites
  An inept feature mimic (D:5)
  An inept item mimic (D:4)
  4 worms
  An adder zombie (D:7)
  A scorpion zombie (D:3)
  An iguana skeleton (D:6)
  4 giant eyeballs
  4 giant geckos
  6 oozes
  67 orcs
  3 ball pythons
  15 giant cockroaches
  8 goblins
  14 hobgoblins
  8 jackals
  19 bats
  9 giant newts
  A giant spore (D:12)
  A jackal skeleton (D:5)
  27 kobolds
  2 orc zombies
  2 quokkas
  A quokka skeleton (D:8)
  15 rats
  7 ballistomycetes
  A plant (D:7)
436 creatures vanquished.

Vanquished Creatures (collateral kills)
  A hydra (D:11)
  Erolcha (D:11)
  5 centaurs (D:11)
  3 killer bees (D:11)
  An adder (D:11)
11 creatures vanquished.

Vanquished Creatures (others)
  2 two-headed ogres (D:11)
  A troll (D:11)
  2 ogres (D:11)
  A giant spore (D:6)
6 creatures vanquished.

Grand Total: 453 creatures vanquished

Notes
Turn   | Place    | Note
--------------------------------------------------------------
     0 | D:1      | RepoMan, the Octopode Berserker, began the quest for the Orb.
     0 | D:1      | Reached XP level 1. HP: 16/16 MP: 0/0
   142 | D:1      | Reached XP level 2. HP: 10/21 MP: 1/1
  1108 | D:2      | Reached XP level 3. HP: 25/27 MP: 2/2
  1133 | D:2      | Acquired Trog's second power
  1588 | D:2      | Reached skill level 4 in Maces & Flails
  1790 | D:2      | Reached XP level 4. HP: 23/32 MP: 3/3
  2823 | D:3      | Noticed an ogre
  2837 | D:3      | Killed an ogre
  2837 | D:3      | Reached skill level 5 in Maces & Flails
  2837 | D:3      | Reached XP level 5. HP: 37/37 MP: 4/4
  2962 | D:3      | Reached XP level 6. HP: 39/44 MP: 5/5
  3324 | D:3      | Acquired Trog's third power
  3431 | D:3      | Noticed Bikaver's ghost (average DECj)
  3448 | D:3      | Killed Bikaver's ghost
  3868 | D:4      | Reached XP level 7. HP: 43/48 MP: 6/6
  4215 | D:4      | Reached skill level 6 in Maces & Flails
  4472 | D:4      | Found a staircase to the Ecumenical Temple.
  4483 | Temple   | Entered the Ecumenical Temple
  4955 | D:5      | Entered Level 5 of the Dungeon
  5052 | D:5      | Reached skill level 5 in Dodging
  5123 | D:5      | Reached skill level 5 in Fighting
  5392 | D:5      | Reached skill level 7 in Maces & Flails
  5392 | D:5      | Reached XP level 8. HP: 25/55 MP: 7/7
  5575 | D:5      | Found a white marble altar of Elyvilon.
  6063 | D:6      | Received a gift from Trog
  6098 | D:6      | Found a staircase to the Orcish Mines.
  6114 | D:6      | Reached skill level 8 in Maces & Flails
  6254 | D:6      | Found a roughly hewn altar of Beogh.
  6483 | D:6      | Reached XP level 9. HP: 56/61 MP: 8/8
  6528 | D:6      | Paralysed by a giant eyeball for 3 turns
  6953 | D:7      | Noticed Menkaure
  6969 | D:7      | Killed Menkaure
  7031 | D:7      | Reached skill level 9 in Maces & Flails
  7099 | D:7      | Got a sparkling graven amulet
  7117 | D:7      | Identified the amulet of Qomek {rCorr Int+2} (You found it on level 7 of the Dungeon)
  7841 | D:8      | Reached skill level 10 in Maces & Flails
  7892 | D:8      | Found a radiant altar of Vehumet.
  8128 | D:8      | Reached XP level 10. HP: 62/69 MP: 9/9
  8231 | D:8      | Received a gift from Trog
  9816 | D:9      | Reached skill level 11 in Maces & Flails
 10012 | D:9      | Found a staircase to the Lair.
 10077 | D:10     | Entered Level 10 of the Dungeon
 10123 | D:10     | Noticed Psyche
 10130 | D:10     | Killed Psyche
 10180 | D:10     | Noticed a hill giant
 10191 | D:10     | Killed a hill giant
 11271 | D:9      | Reached XP level 11. HP: 70/76 MP: 10/10
 11696 | D:11     | Noticed an eight-headed hydra
 11704 | D:11     | Killed an eight-headed hydra
 11704 | D:11     | Reached skill level 12 in Maces & Flails
 12007 | D:11     | Noticed Erolcha
 12016 | D:11     | Killed Erolcha
 12700 | D:12     | Found a portal to a secret trove of treasure.
 14490 | D:12     | Reached skill level 13 in Maces & Flails
 14607 | D:12     | Reached skill level 10 in Fighting
 14614 | D:12     | Noticed a hill giant
 14619 | D:12     | Killed a hill giant
 15072 | D:12     | Reached XP level 12. HP: 84/84 MP: 11/11
 15135 | D:12     | Received a gift from Trog
 15193 | D:12     | Reached skill level 10 in Dodging
 15346 | D:13     | Noticed RepoMan's ghost (powerful DrAE)
 15545 | D:13     | Killed RepoMan's ghost
 16076 | D:13     | Identified a +1 rod of frigid destruction (11/11) (You found it on level 13 of the Dungeon)
 16435 | D:13     | HP: 3/126 [hippogriff (6)]
 16437 | D:13     | Slain by a hippogriff

Action                   |  1- 3 |  4- 6 |  7- 9 | 10-12 || total
-------------------------+-------+-------+-------+-------++-------
Melee: Mace              |    81 |   134 |    17 |       ||   232
       Great mace        |       |       |   238 |   429 ||   667
       Flail             |       |       |       |    59 ||    59
 Fire: Sling             |       |       |    45 |   200 ||   245
Throw: Dagger            |       |       |       |     2 ||     2
Invok: Berserk           |     1 |     4 |     4 |    14 ||    23
       Trog's Hand       |       |       |       |    12 ||    12
       Brothers in Arms  |       |       |       |     6 ||     6
       Burn Spellbooks   |       |       |       |     1 ||     1
Evoke: Wand              |       |     1 |     1 |     4 ||     6
  Use: Scroll            |       |    13 |    10 |     2 ||    25
       Potion            |       |       |     2 |     5 ||     7
 Stab: Sleeping          |     5 |     2 |     8 |     4 ||    19
       Distracted        |       |       |     1 |     1 ||     2
       Invisible         |       |       |       |     1 ||     1
       Paralysed         |       |       |       |     1 ||     1
